 Dungeon Crawl Stone Soup version 0.28.0-47-ge53b351184 (webtiles) character file.

Game seed: 2122611665318622062

253 101zpm the Magician (level 6, -7/40 HPs)
             Began as a Djinni Fire Elementalist on Apr 29, 2022.
             Mangled by a wyvern (16 damage)
             ... on level 7 of the Dungeon.
             The game lasted 00:05:56 (6158 turns).

101zpm the Magician (Djinni Fire Elementalist)      Turns: 6158, Time: 00:05:56

Health: -7/40      AC:  2    Str:  7    XL:     6   Next: 37%
Gold:   62         EV: 12    Int: 19    God:
                   SH:  0    Dex: 13

rFire   + + .      SeeInvis .   h - +1 spear (flame)
rCold   x . .      Faith    .   (no shield)
rNeg    . . .      Spirit   .   a - +0 robe
rPois   ∞          Reflect  .   (no helmet)
rElec   .          Harm     .   (no cloak)
rCorr   .          Rampage  .   (no gloves)
Will    .....                   (boots unavailable)
Stlth   ++........              (no amulet)
HPRegen 0.13/turn               (no ring)
MPRegen 0.00/turn               (no ring)

@: flying, very slightly contaminated
A: sickness immunity, fire resistance 2, cold vulnerability 1, float, innate
caster, HP casting, extra vitality 1
a: no special abilities


You were on level 7 of the Dungeon.
You visited 1 branch of the dungeon, and saw 5 of its levels.

You collected 62 gold pieces.

Inventory:

Hand Weapons
 h - a +1 spear of flaming (weapon)
Armour
 a - a +0 robe (worn)
Jewellery
 l - a +4 ring of protection
Wands
 n - a wand of polymorph (5)
Scrolls
 d - a scroll of summoning {unknown}
 e - 3 scrolls of identify {unknown}
 j - 2 scrolls of enchant weapon {unknown}
 k - a scroll of noise {unknown}
 m - a scroll of fear {unknown}
Potions
 b - 2 potions of curing {unknown}
 c - a potion of brilliance {unknown}
 f - a potion of berserk rage {unknown}
 g - a potion of might {unknown}
 i - a potion of heal wounds
 o - a potion of degeneration {unknown}


   Skills:
 + Level 2.4 Dodging
 + Level 2.1 Stealth
 + Level 4.9 Spellcasting


You couldn't memorise any spells.
You knew the following spells:

 Your Spells              Type           Power      Damage    Failure   Level
a - Foxfire               Conj/Fire      92%        2x1d8     1%          1
b - Scorch                Fire           46%        2d7       2%          2
c - Conjure Flame         Conj/Fire      23%        6-21      4%          3
d - Inner Flame           Hex/Fire       23%        N/A       4%          3
e - Flame Wave            Conj/Fire      23%        2d7       16%         4
f - Pain                  Necr           92%        1d8       1%          1
g - Corpse Rot            Necr/Air       46%        N/A       2%          2
Your spell library was empty.

Dungeon Overview and Level Annotations

Branches:
Dungeon (4/15)             Temple (0/1) D:7

Altars:


Innate Abilities, Weirdness & Mutations

You are immune to sickness and miasma.
You are immune to poison.
Your flesh is very heat resistant. (rF++)
You are vulnerable to cold. (rC-)
You float through the air rather than walking.
You learn spells naturally, not from books.
Your magical power is your life essence.
You have superior vitality. (+4 MHP)


Message History

You fly downwards.
There is a stone staircase leading up here.
There is a stone staircase leading down here.
You fly downwards.
There is a stone staircase leading up here.
There is a stone staircase leading down here.
You fly downwards.
Found 28 stones.
Found a stone staircase leading down.
There is a stone staircase leading up here.
Found 16 sling bullets.
There is a stone staircase leading down here.
Found a twisted smoking staff.
A sourceless malevolence fills the Dungeon...
You are sucked into a shaft and drop 3 floors!
The shaft crumbles and collapses.
A wyvern comes into view.
The wyvern hisses angrily.
Found a cabochon ring.
Found a staircase to the Ecumenical Temple.
Casting: Foxfire (safe; 1% risk of failure)
Confirm with . or Enter, or press ? or * to list all spells.
The spell is quite dangerous to miscast (16% risk of failure)!
Continue anyway?
Casting: Flame Wave (quite dangerous; 16% risk of failure)
Press: ? - help, Dir - look around, f - activate You miscast Flame Wave.
You are very lightly contaminated with residual magic.
Nothing appears to happen.
The wyvern bites you!!
An orc comes into view. It is wielding a +0 short sword.
Casting: Flame Wave (quite dangerous; 16% risk of failure)
Confirm with . or Enter, or press ? or * to list all spells.
Okay, then.
You feel much better. The wyvern closely misses you. The wyvern bites you!
Okay, then.
Casting: Flame Wave (quite dangerous; 16% risk of failure)
Confirm with . or Enter, or press ? or * to list all spells.
The fire begins to smoulder!
The wyvern bites you!
* * * LOW HITPOINT WARNING * * *
The wyvern closely misses you.
The fire ignites!
The wyvern bites you!
You die...

# .# ### ####
.# ... ..# ..#
. ##.##.##.##
#.#.........###
#......o§.....#
.#..⌠..l⌠..#.#
#....@....#
#......>.....=#
#.#.........#.#
# #..⌠...⌠..# #
.............
###.........###
##.##.##.## #.
#.. .#


You could see a wyvern and an orc.

Vanquished Creatures
  Ijyb (D:3)
  Natasha (thrice) (D:3)
  Terence (D:3)
  5 adders
  2 worms
  6 dart slugs
  5 orcs (D:3)
  6 ball pythons
  7 bats
  3 endoplasms (D:2)
  A giant cockroach (D:1)
  2 goblins (D:1)
  4 hobgoblins
  8 kobolds
  A quokka (D:3)
  7 frilled lizards
  11 rats
73 creatures vanquished.

Vanquished Creatures (others)
  561 foxfires
561 creatures vanquished.

Grand Total: 634 creatures vanquished

Notes
Turn   | Place    | Note
-------+----------+-------------------------------------------
     0 | D:1      | 101zpm the Djinni Fire Elementalist began the quest for the
                  | Orb.
     0 | D:1      | Reached XP level 1. HP: 15/15 MP: 0/0
   264 | D:1      | Reached XP level 2. HP: 15/21 MP: 0/0
  1057 | D:1      | Reached skill level 3 in Spellcasting
  1078 | D:1      | Reached XP level 3. HP: 22/25 MP: 0/0
  1078 | D:1      | Learned a level 1 spell: Pain
  1214 | D:1      | Found a faded altar of an unknown god.
  2831 | D:2      | Reached XP level 4. HP: 26/31 MP: 0/0
  3903 | D:2      | Reached XP level 5. HP: 31/35 MP: 0/0
  3903 | D:2      | Learned a level 2 spell: Corpse Rot
  4156 | D:3      | Reached skill level 4 in Spellcasting
  4417 | D:3      | Noticed Natasha
  4428 | D:3      | Killed Natasha
  5281 | D:3      | Noticed Terence
  5291 | D:3      | Killed Terence
  5389 | D:3      | Noticed Ijyb
  5402 | D:3      | Killed Ijyb
  5403 | D:3      | Reached XP level 6. HP: 37/40 MP: 0/0
  5486 | D:3      | Noticed Natasha
  5490 | D:3      | Killed Natasha
  5578 | D:3      | Noticed Natasha
  5597 | D:3      | Killed Natasha
  6153 | D:4      | You are sucked into a shaft and drop 3 floors!
  6153 | D:7      | Noticed a wyvern
  6153 | D:7      | Found a staircase to the Ecumenical Temple.
  6158 | D:7      | Mangled by a wyvern

Illustrated notes

Levels and vault maps discovered:
D:1:      onia_arrival_handbag, layout_loops_ring,
          hellmonk_ecumenical_altar_zigzags
D:2:      layout_basic, minmay_heptomino_w4
D:3:      layout_loops_ring, bh_walls_and_bars, uniq_terence, uniq_natasha,
          uniq_ijyb
D:4:      layout_loops_ring, mainiacjoe_overflow_alcove_4,
          minmay_fractal_squares_gapless_5
D:7:      layout_loops_ring, nicolae_wu_jian_immortal_techniques,
          nicolae_hepliaklqana_monster_ancestors,
          minmay_temple_entry_large_hall, gammafunk_ghost_wrathful_warriors,
          water_boxes_lemuel

Skill      XL: |  1  2  3  4  5 |
---------------+----------------+-----
Spellcasting   | 3 4 |  4.9
Stealth        | 2 |  2.1
Dodging        | |  2.4

Action                   |  1- 3 |  4- 6 || total
-------------------------+-------+-------++-------
Melee: Unarmed           |       |     4 ||     4
       Spear             |       |     2 ||     2
 Cast: Foxfire           |   165 |   214 ||   379
       Scorch            |       |     3 ||     3
       Conjure Flame     |       |     1 ||     1
  Use: Potion            |       |     1 ||     1
Armor: Robe              |     2 |     3 ||     5
Dodge: Dodged            |       |    14 ||    14
